General information
- name: BNet
- type: Ladder team game (AT/RT)
- host: Battle.net
- saver: GO-ASTROS-GO
map: Battleground
- players: 8
- length: 70:51
- speed: Fast
- version: 1.28 W3XP
- replay type: Public
» download(624 KB)
Players
team 1 (loser)
|c00ffffffX (
purple | 96 APM | 1846 actions | 19:13)
4 Far Seer
2 Feral Spirit
2 Chain Lighting
3 Tauren Chieftain
1 Shockwave
2 Endurance Aura
2 Shadow Hunter
1 Hex
1 Healing Wave
» actions
| Assign group hotkey | 56 | |
| Basic commands | 163 | |
| Build / train | 66 | |
| ESC pressed | 1 | |
| Enter build submenu | 14 | |
| Enter hero's abilities submenu | 9 | |
| Give item / drop item | 3 | |
| Remove unit from queue | 4 | |
| Right click | 621 | |
| Select / deselect | 332 | |
| Select group hotkey | 503 | |
| Use ability | 74 | |
1846 total
» units
| Peon | 11 | |
| Troll Headhunter/Berserker | 6 | |
| Demolisher | 5 | |
| Kodo Beast | 3 | |
25 total
» upgrades
| Burning Oil | 1 | |
| Ranged Weapons | 1 | |
| War Drums Damage Increase | 1 | |
| Troll Regeneration | 1 | |
| Berserker Upgrade | 1 | |
| Armor | 1 | |
| Reinforced Defenses | 1 | |
7 total
» buildings
| War Mill | 1 | |
| Orc Burrow | 6 | |
| Altar of Storms | 1 | |
| Barracks | 2 | |
| Stronghold | 1 | |
| Voodoo Lounge | 1 | |
| Fortress | 1 | |
| Beastiary | 1 | |
| Great Hall | 2 | |
16 total
» build order
00:07 War Mill
00:28 Orc Burrow
00:50 Altar of Storms
01:20 Barracks
01:52 Orc Burrow
02:32 Stronghold
03:06 Voodoo Lounge
04:06 Orc Burrow
04:08 Barracks
04:55 Fortress
05:53 Orc Burrow
06:21 Beastiary
12:04 Great Hall
12:09 Orc Burrow
12:11 Orc Burrow
15:07 Great Hall
» items
| Healing Salve | 4 | |
| Scroll of Speed | 4 | |
| Lesser Clarity Potion | 2 | |
| Scroll of Town Portal | 5 | |
| Orb of Lightning | 1 | |
16 total
team3 (
blue | 115 APM | 8123 actions | 70:49)
7 Archmage
3 Summon Water Elemental
3 Brilliance Aura
1 Mass Teleport
7 Mountain King
3 Storm Bolt
3 Bash
1 Avatar
» actions
| Assign group hotkey | 129 | |
| Basic commands | 357 | |
| Build / train | 208 | |
| ESC pressed | 6 | |
| Enter build submenu | 52 | |
| Enter hero's abilities submenu | 15 | |
| Give item / drop item | 6 | |
| Right click | 2685 | |
| Select / deselect | 938 | |
| Select group hotkey | 3213 | |
| Use ability | 514 | |
8123 total
» units
| Peasant | 13 | |
| Footman | 6 | |
| Rifleman | 18 | |
| Spell Breaker | 5 | |
| Priest | 5 | |
| Sorceress | 5 | |
| Knight | 3 | |
| Flying Machine | 2 | |
57 total
» upgrades
| Gunpowder | 3 | |
| Armor | 3 | |
| Long Rifles | 1 | |
| Plating | 3 | |
| Sorceress Training | 2 | |
| Masonry | 3 | |
| Priest Training | 2 | |
| Swords | 3 | |
| Control Magic | 1 | |
| Animal War Training | 1 | |
| Magic Sentry | 1 | |
| Flying Machine Bombs | 1 | |
24 total
» buildings
| Barracks | 1 | |
| Altar of Kings | 1 | |
| Farm | 13 | |
| Lumber Mill | 1 | |
| Arcane Vault | 2 | |
| Blacksmith | 1 | |
| Keep | 3 | |
| Castle | 2 | |
| Arcane Sanctum | 2 | |
| Guard Tower | 39 | |
| Scout Tower | 25 | |
| Town Hall | 2 | |
| Arcane Tower | 7 | |
| Workshop | 1 | |
100 total
» build order
01:12 Barracks
01:15 Altar of Kings
01:17 Farm
01:20 Farm
01:35 Lumber Mill
01:41 Farm
02:14 Arcane Vault
02:28 Farm
04:12 Blacksmith
04:49 Keep
04:50 Keep
04:50 Keep
06:11 Farm
06:13 Farm
10:51 Castle
10:52 Castle
15:53 Arcane Sanctum
15:58 Arcane Sanctum
16:26 Farm
17:27 Farm
17:28 Farm
18:46 Guard Tower
18:47 Guard Tower
18:47 Guard Tower
18:56 Guard Tower
18:56 Guard Tower
19:30 Scout Tower
19:31 Scout Tower
19:32 Scout Tower
20:09 Guard Tower
20:10 Guard Tower
20:10 Guard Tower
20:11 Guard Tower
20:11 Guard Tower
22:12 Guard Tower
22:12 Guard Tower
22:26 Guard Tower
22:26 Guard Tower
22:27 Guard Tower
22:31 Guard Tower
22:31 Guard Tower
22:31 Guard Tower
22:48 Guard Tower
22:49 Guard Tower
23:08 Farm
23:47 Scout Tower
24:42 Guard Tower
25:41 Scout Tower
25:41 Scout Tower
25:42 Scout Tower
25:43 Scout Tower
25:45 Scout Tower
27:25 Scout Tower
27:26 Scout Tower
27:27 Scout Tower
27:27 Scout Tower
27:29 Scout Tower
27:53 Guard Tower
27:53 Guard Tower
27:54 Guard Tower
27:54 Guard Tower
27:56 Guard Tower
27:56 Guard Tower
27:56 Guard Tower
28:25 Town Hall
30:36 Arcane Vault
31:11 Scout Tower
31:16 Scout Tower
31:19 Scout Tower
31:21 Scout Tower
31:47 Guard Tower
31:48 Guard Tower
31:48 Guard Tower
32:02 Arcane Tower
32:02 Arcane Tower
32:51 Arcane Tower
32:51 Arcane Tower
33:46 Farm
33:47 Farm
33:48 Farm
48:39 Town Hall
48:41 Scout Tower
48:43 Scout Tower
48:44 Scout Tower
48:47 Scout Tower
48:51 Scout Tower
48:52 Scout Tower
48:53 Scout Tower
49:22 Guard Tower
49:23 Guard Tower
49:23 Guard Tower
49:50 Arcane Tower
49:51 Guard Tower
49:51 Guard Tower
49:51 Guard Tower
49:56 Arcane Tower
49:56 Arcane Tower
69:34 Workshop
» items
| Scroll of Regeneration | 12 | |
| Mechanical Critter | 4 | |
| Scroll of Town Portal | 8 | |
| Boots of Speed | 1 | |
| Staff of Teleportation | 2 | |
| Staff of Sanctuary | 2 | |
| Orb of Corruption | 1 | |
| Ivory Tower | 9 | |
| Potion of Lesser Invulnerability | 1 | |
| Scroll of Protection | 1 | |
| Scroll of Healing | 1 | |
| Periapt of Vitality | 1 | |
43 total

»
Formaldehyde (
teal | 20 APM | 1223 actions | 60:45)
4 Pit Lord
2 Cleaving Attack
2 Howl of Terror
1 Dreadlord
1 Sleep
» actions
| Assign group hotkey | 4 | |
| Build / train | 63 | |
| Enter build submenu | 18 | |
| Enter hero's abilities submenu | 6 | |
| Give item / drop item | 1 | |
| Right click | 711 | |
| Select / deselect | 336 | |
| Select group hotkey | 8 | |
| Use ability | 76 | |
1223 total
» units
| Acolyte | 6 | |
| Ghoul | 6 | |
| Crypt Fiend | 2 | |
| Banshee | 7 | |
| Abomination | 5 | |
| Ogre Mauler | 1 | |
| Troll Batrider | 4 | |
31 total
» upgrades
| Unholy Strength | 3 | |
| Unholy Armor | 2 | |
| Banshee Training | 2 | |
| Disease Cloud | 1 | |
| Liquid Fire | 1 | |
9 total
» buildings
| Ziggurat | 7 | |
| Crypt | 1 | |
| Altar of Darkness | 1 | |
| Graveyard | 1 | |
| Nerubian Tower | 2 | |
| Spirit Tower | 3 | |
| Tomb of Relics | 1 | |
| Halls of the Dead | 1 | |
| Black Citadel | 1 | |
| Slaughterhouse | 2 | |
| Temple of the Damned | 1 | |
| Beastiary | 4 | |
| Orc Burrow | 2 | |
27 total
» build order
00:35 Ziggurat
00:38 Crypt
00:49 Altar of Darkness
01:06 Ziggurat
01:27 Graveyard
01:42 Ziggurat
03:11 Nerubian Tower
03:32 Spirit Tower
03:39 Nerubian Tower
05:36 Tomb of Relics
05:53 Halls of the Dead
06:41 Ziggurat
06:46 Ziggurat
07:58 Spirit Tower
08:43 Black Citadel
08:48 Slaughterhouse
08:49 Slaughterhouse
08:53 Temple of the Damned
09:13 Spirit Tower
25:58 Beastiary
25:58 Beastiary
25:59 Beastiary
26:03 Beastiary
26:10 Orc Burrow
26:10 Orc Burrow
40:28 Ziggurat
42:59 Ziggurat
» items
| Potion of Healing | 2 | |
| Orb of Corruption | 1 | |
| Scroll of Town Portal | 1 | |
| Orb of Lightning | 1 | |
| Boots of Speed | 1 | |
| Periapt of Vitality | 1 | |
| Staff of Teleportation | 1 | |
| Orb of Fire | 1 | |
9 total

»
lamebizkit (
green | 67 APM | 4001 actions | 59:40)
6 Death Knight
2 Death Coil
3 Unholy Aura
1 Animate Dead
4 Dreadlord
2 Vampiric Aura
2 Sleep
4 Crypt Lord
2 Impale
1 Carrion Beetles
1 Spiked Carapace
» actions
| Assign group hotkey | 54 | |
| Basic commands | 92 | |
| Build / train | 90 | |
| ESC pressed | 14 | |
| Enter build submenu | 34 | |
| Enter hero's abilities submenu | 16 | |
| Give item / drop item | 8 | |
| Right click | 1999 | |
| Select / deselect | 917 | |
| Select group hotkey | 640 | |
| Use ability | 137 | |
4001 total
» units
» upgrades
| Unholy Strength | 3 | |
| Unholy Armor | 2 | |
| Ghoul Frenzy | 1 | |
| Cannibalize | 1 | |
7 total
» buildings
| Altar of Darkness | 1 | |
| Ziggurat | 21 | |
| Crypt | 2 | |
| Tomb of Relics | 1 | |
| Graveyard | 1 | |
| Halls of the Dead | 1 | |
| Black Citadel | 2 | |
| Spirit Tower | 14 | |
| Nerubian Tower | 1 | |
44 total
» build order
00:13 Altar of Darkness
00:19 Ziggurat
00:47 Crypt
01:29 Tomb of Relics
01:34 Ziggurat
02:00 Graveyard
03:06 Halls of the Dead
04:08 Ziggurat
05:42 Black Citadel
05:42 Black Citadel
06:24 Ziggurat
07:06 Crypt
07:08 Ziggurat
18:25 Spirit Tower
18:27 Spirit Tower
18:28 Spirit Tower
33:05 Ziggurat
33:06 Ziggurat
33:56 Spirit Tower
33:56 Spirit Tower
33:58 Spirit Tower
33:58 Spirit Tower
33:59 Ziggurat
34:38 Ziggurat
34:54 Spirit Tower
37:21 Spirit Tower
37:38 Ziggurat
38:02 Ziggurat
38:32 Ziggurat
38:34 Spirit Tower
40:03 Spirit Tower
40:05 Spirit Tower
41:00 Ziggurat
41:01 Ziggurat
41:03 Ziggurat
41:20 Ziggurat
41:21 Ziggurat
41:22 Ziggurat
41:56 Ziggurat
42:01 Ziggurat
42:20 Nerubian Tower
42:22 Spirit Tower
42:24 Spirit Tower
42:27 Ziggurat
» items
| Rod of Necromancy | 1 | |
| Scroll of Town Portal | 6 | |
| Orb of Corruption | 3 | |
10 total
team 2 (winner)
HammerBoom (
pink | 60 APM | 1639 actions | 27:32)
6 Mountain King
3 Storm Bolt
2 Bash
1 Avatar
4 Paladin
2 Holy Light
1 Divine Shield
1 Devotion Aura
3 Archmage
2 Brilliance Aura
1 Summon Water Elemental
» actions
| Assign group hotkey | 45 | |
| Basic commands | 201 | |
| Build / train | 94 | |
| ESC pressed | 2 | |
| Enter build submenu | 18 | |
| Enter hero's abilities submenu | 13 | |
| Give item / drop item | 2 | |
| Right click | 257 | |
| Select / deselect | 309 | |
| Select group hotkey | 526 | |
| Use ability | 172 | |
1639 total
» units
| Peasant | 15 | |
| Footman | 5 | |
| Forest Troll Berserker | 1 | |
| Forest Troll Shadow Priest | 3 | |
| Rifleman | 18 | |
| Mortar Team | 5 | |
47 total
» upgrades
| Long Rifles | 1 | |
| Gunpowder | 1 | |
| Fragmentation Shards | 1 | |
| Flare | 1 | |
4 total
» buildings
| Lumber Mill | 1 | |
| Farm | 9 | |
| Altar of Kings | 1 | |
| Barracks | 1 | |
| Scout Tower | 1 | |
| Arcane Vault | 1 | |
| Arcane Tower | 1 | |
| Keep | 1 | |
| Blacksmith | 1 | |
| Castle | 1 | |
| Workshop | 1 | |
| Town Hall | 3 | |
22 total
» build order
00:07 Lumber Mill
00:49 Farm
01:04 Altar of Kings
01:17 Farm
01:19 Barracks
01:29 Scout Tower
01:49 Arcane Vault
02:00 Farm
02:11 Arcane Tower
02:38 Farm
04:34 Keep
04:36 Blacksmith
05:25 Farm
05:26 Farm
06:17 Farm
08:48 Castle
09:12 Farm
09:13 Farm
09:58 Workshop
12:29 Town Hall
19:20 Town Hall
23:02 Town Hall
» items
| Lesser Clarity Potion | 8 | |
| Scroll of Regeneration | 6 | |
| Scroll of Town Portal | 3 | |
| Potion of Lesser Invulnerability | 2 | |
| Scroll of Healing | 1 | |
| Staff of Sanctuary | 2 | |
22 total
Yossarian (
orange | 75 APM | 5284 actions | 70:49)
6 Warden
2 Shadow Strike
3 Fan of Knives
1 Spirit of Vengeance
7 Keeper of the Grove
3 Entangling Roots
3 Thorns Aura
1 Tranquility
» actions
| Assign group hotkey | 332 | |
| Basic commands | 177 | |
| Build / train | 118 | |
| ESC pressed | 6 | |
| Enter build submenu | 37 | |
| Enter hero's abilities submenu | 13 | |
| Give item / drop item | 1 | |
| Remove unit from queue | 4 | |
| Right click | 2124 | |
| Select / deselect | 872 | |
| Select group hotkey | 1283 | |
| Use ability | 317 | |
5284 total
» units
| Wisp | 46 | |
| Dryad | 10 | |
| Druid of the Claw | 7 | |
| Hippogryph | 4 | |
| Druid of the Talon | 11 | |
| Ogre Mauler | 1 | |
79 total
» upgrades
| Ultravision | 1 | |
| Abolish Magic | 1 | |
| Druid of the Claw Training | 2 | |
| Well Spring | 1 | |
| Nature's Blessing | 1 | |
| Mark of the Claw | 1 | |
| Strength of the Wild | 1 | |
| Druid of the Talon Training | 2 | |
| Reinforced Hides | 1 | |
11 total
» buildings
| Altar of Elders | 1 | |
| Moon Well | 10 | |
| Ancient of Wonders | 1 | |
| Tree of Ages | 1 | |
| Hunter's Hall | 1 | |
| Ancient of Lore | 6 | |
| Tree of Eternity | 2 | |
| Ancient of Wind | 1 | |
| Tree of Life | 8 | |
| Ancient Protector | 5 | |
36 total
» build order
00:08 Altar of Elders
00:21 Moon Well
00:54 Ancient of Wonders
02:21 Tree of Ages
02:51 Hunter's Hall
02:55 Moon Well
03:18 Moon Well
04:47 Ancient of Lore
04:48 Ancient of Lore
07:06 Tree of Eternity
07:07 Tree of Eternity
07:35 Ancient of Wind
07:45 Moon Well
08:36 Moon Well
08:39 Moon Well
09:57 Ancient of Lore
09:57 Ancient of Lore
11:35 Tree of Life
13:43 Ancient of Lore
13:45 Ancient of Lore
14:32 Ancient Protector
18:39 Moon Well
18:40 Moon Well
18:41 Moon Well
20:23 Tree of Life
21:20 Tree of Life
23:04 Ancient Protector
23:06 Ancient Protector
23:33 Ancient Protector
23:37 Ancient Protector
29:16 Moon Well
31:05 Tree of Life
40:34 Tree of Life
41:36 Tree of Life
42:01 Tree of Life
47:37 Tree of Ages
52:00 Tree of Life
» items
| Lesser Clarity Potion | 1 | |
| Scroll of Town Portal | 2 | |
| Potion of Healing | 1 | |
| Potion of Lesser Invulnerability | 2 | |
6 total
GO-ASTROS-GO (
red | 62 APM | 4413 actions | 70:51)
10 Blademaster
3 Wind Walk
3 Critical Strike
1 Bladestorm
3 Mirror Image
» actions
| Assign group hotkey | 54 | |
| Basic commands | 231 | |
| Build / train | 89 | |
| Enter build submenu | 30 | |
| Enter hero's abilities submenu | 10 | |
| Give item / drop item | 14 | |
| Remove unit from queue | 1 | |
| Right click | 2148 | |
| Select / deselect | 426 | |
| Select group hotkey | 1034 | |
| Use ability | 376 | |
4413 total
» units
| Peon | 17 | |
| Grunt | 4 | |
| Troll Batrider | 2 | |
| Wind Rider | 9 | |
| Demolisher | 2 | |
34 total
» upgrades
| Ranged Weapons | 3 | |
| Reinforced Defenses | 1 | |
| Armor | 3 | |
| Melee Weapons | 2 | |
| Spiked Barricades | 2 | |
| Ensnare | 1 | |
| Envenomed Spears | 1 | |
| Liquid Fire | 1 | |
| War Drums Damage Increase | 1 | |
| Pillage | 1 | |
| Backpack | 1 | |
| Berserker Upgrade | 1 | |
| Berserker Strength | 1 | |
| Troll Regeneration | 1 | |
| Burning Oil | 1 | |
21 total
» buildings
| Altar of Storms | 1 | |
| Orc Burrow | 8 | |
| Barracks | 1 | |
| Voodoo Lounge | 2 | |
| Stronghold | 2 | |
| War Mill | 2 | |
| Beastiary | 4 | |
| Fortress | 2 | |
| Watch Tower | 25 | |
47 total
» build order
00:07 Altar of Storms
00:18 Orc Burrow
00:41 Barracks
01:21 Orc Burrow
01:54 Voodoo Lounge
03:07 Stronghold
03:08 Stronghold
03:37 Orc Burrow
04:10 Orc Burrow
04:54 War Mill
05:40 Beastiary
05:44 Beastiary
05:50 Fortress
05:50 Fortress
08:28 Watch Tower
09:27 Watch Tower
09:27 Watch Tower
09:30 Watch Tower
09:52 Watch Tower
11:10 Beastiary
11:21 Watch Tower
11:40 Orc Burrow
13:47 Watch Tower
13:47 Watch Tower
13:48 Watch Tower
13:48 Watch Tower
13:49 Watch Tower
14:15 War Mill
14:28 Orc Burrow
14:43 Watch Tower
17:10 Watch Tower
17:10 Watch Tower
17:10 Watch Tower
20:21 Watch Tower
20:24 Watch Tower
20:25 Watch Tower
22:06 Orc Burrow
22:06 Orc Burrow
22:10 Beastiary
23:16 Watch Tower
23:16 Watch Tower
45:26 Voodoo Lounge
45:29 Watch Tower
45:30 Watch Tower
45:31 Watch Tower
45:36 Watch Tower
45:57 Watch Tower
» items
| Healing Salve | 5 | |
| Staff of Teleportation | 1 | |
| Tiny Great Hall | 2 | |
| Orb of Lightning | 1 | |
| Scroll of Town Portal | 3 | |
| Potion of Healing | 2 | |
| Lesser Clarity Potion | 2 | |
16 total
Towerdefence (
yellow | 40 APM | 2843 actions | 70:49)
3 Death Knight
1 Death Coil
2 Unholy Aura
4 Dark Ranger
2 Black Arrow
2 Silence
» actions
| Assign group hotkey | 27 | |
| Basic commands | 65 | |
| Build / train | 73 | |
| ESC pressed | 6 | |
| Enter build submenu | 18 | |
| Enter hero's abilities submenu | 7 | |
| Give item / drop item | 3 | |
| Right click | 1162 | |
| Select / deselect | 431 | |
| Select group hotkey | 985 | |
| Use ability | 64 | |
2843 total
» units
| Acolyte | 2 | |
| Ghoul | 7 | |
| Crypt Fiend | 15 | |
| Frost Wyrm | 5 | |
| Gargoyle | 5 | |
| Rifleman | 7 | |
41 total
» upgrades
| Creature Attack | 2 | |
| Web | 1 | |
| Creature Carapace | 1 | |
| Freezing Breath | 1 | |
| Gunpowder | 1 | |
6 total
» buildings
| Ziggurat | 7 | |
| Altar of Darkness | 2 | |
| Crypt | 1 | |
| Graveyard | 1 | |
| Nerubian Tower | 3 | |
| Tomb of Relics | 1 | |
| Halls of the Dead | 1 | |
| Black Citadel | 1 | |
| Sacrificial Pit | 1 | |
| Boneyard | 2 | |
| Spirit Tower | 3 | |
23 total
» build order
00:15 Ziggurat
00:27 Altar of Darkness
00:42 Crypt
01:05 Graveyard
01:47 Ziggurat
01:52 Nerubian Tower
02:01 Tomb of Relics
04:37 Ziggurat
04:50 Halls of the Dead
06:15 Nerubian Tower
06:50 Ziggurat
08:50 Black Citadel
08:53 Sacrificial Pit
11:24 Boneyard
11:33 Boneyard
11:37 Ziggurat
12:15 Spirit Tower
12:38 Spirit Tower
15:38 Ziggurat
16:26 Ziggurat
16:32 Altar of Darkness
16:39 Nerubian Tower
23:02 Spirit Tower
» items
| Rod of Necromancy | 1 | |
| Orb of Corruption | 1 | |
| Scroll of Town Portal | 1 | |
| Orb of Fire | 1 | |
| Potion of Mana | 1 | |
5 total
Chat log
(03:31 / All) GO-ASTROS-GO: i suck almost lost a grunt to easy creeps
(03:40 / All) team3: play the campaign bro
(03:57 / All) GO-ASTROS-GO: shut up blue just shut up!
(04:02 / All) GO-ASTROS-GO: fallout 3 > new vegas
(04:08 / Allies) HammerBoom: ...
(04:18 / All) team3: that's just not true dude
(04:32 / Allies) GO-ASTROS-GO: getting bats wyverns
(04:42 / All) Formaldehyde: Stop wasting your time, wardens cant harras
(05:44 / All) Towerdefence: ya no
(06:07 / Allies) GO-ASTROS-GO: gonna expo top right
(06:18 / All) Formaldehyde: You fucking retard orange
(06:23 / All) Formaldehyde: I told you wardens cant harras
(06:31 / Allies) Yossarian: lol this guy
(06:32 / All) team3: they can but not when you suck like him
(07:09 / All) team3: Green is a really selfish player
(07:21 / All) team3: and he also sucks cock
(08:52 / Allies) GO-ASTROS-GO: protect my expo
(08:54 / Allies) GO-ASTROS-GO: im gonna tower it
(09:18 / Allies) GO-ASTROS-GO: wood pz
(09:19 / Allies) GO-ASTROS-GO: wood
(09:21 / Allies) HammerBoom: tp
(09:57 / Allies) GO-ASTROS-GO: wood
(09:57 / Allies) GO-ASTROS-GO: wood
(09:58 / Allies) GO-ASTROS-GO: wood
(10:11 / Allies) HammerBoom: yw
(10:11 / Allies) HammerBoom: yw
(10:12 / Allies) HammerBoom: yw
(10:12 / Allies) GO-ASTROS-GO: protect my expo
(10:39 / Allies) Yossarian: priest
(10:40 / Allies) Yossarian: hammer
(11:44 / Allies) Yossarian: b
(11:47 / Allies) GO-ASTROS-GO: stay
(11:48 / Allies) GO-ASTROS-GO: dont hit
(11:53 / Allies) HammerBoom: b
(11:54 / Allies) HammerBoom: b
(12:18 / Allies) GO-ASTROS-GO: stay at this expo
(12:28 / Allies) Yossarian: 4
(12:28 / Allies) GO-ASTROS-GO: tp
(12:29 / Allies) Yossarian: 3
(12:29 / Allies) GO-ASTROS-GO: tp
(12:52 / Allies) GO-ASTROS-GO: TP YELLOW
(12:57 / Allies) Towerdefence: fuck you
(13:18 / Allies) Yossarian: ty
(13:34 / All) HammerBoom: feed?
(13:43 / All) Formaldehyde: Hero died
(14:15 / Allies) HammerBoom: help plz
(14:28 / Allies) Yossarian: lol
(14:35 / Allies) Towerdefence: fuck you
(14:51 / Allies) GO-ASTROS-GO: tp?
(15:41 / Allies) GO-ASTROS-GO: wood
(15:42 / Allies) GO-ASTROS-GO: wood
(16:37 / All) Formaldehyde: Noob red
(17:05 / All) team3: raped oj
(18:12 / Allies) Yossarian: coming, slowly
(18:52 / Allies) Yossarian: fuck
(19:02 / Allies) Yossarian: im ok
(20:46 / Allies) HammerBoom: help plz
(21:17 / Allies) Yossarian: heading off
(21:54 / All) Yossarian: WARDENNNNN
(22:30 / Allies) GO-ASTROS-GO: yellow just tked me
(22:48 / Allies) Towerdefence: loser
(22:53 / Allies) GO-ASTROS-GO: time to leave nub
(22:59 / Allies) Towerdefence: wont happen
(23:17 / All) team3: Green mh
(23:40 / Allies) HammerBoom: repair
(23:41 / Allies) HammerBoom: omw
(23:47 / Allies) Towerdefence: yawn ill sit back now and get the win
(24:20 / Allies) Yossarian: ty
(25:03 / Allies) Yossarian: wtf?
(25:05 / All) GO-ASTROS-GO: eat shit yellow
(25:08 / Allies) Towerdefence: he is a loser
(25:10 / All) GO-ASTROS-GO: i told u, yellow tked me
(25:18 / All) HammerBoom: nice try noob green
(25:22 / Allies) Towerdefence: sure loser when was this
(25:36 / Allies) Yossarian: red lets just go win
(25:44 / Allies) Towerdefence: I dont care not like i am going to leave
(26:04 / Allies) Towerdefence: he is a little kid likely hidding in moms basement
(26:32 / All) team3: go away faggot pink
(26:33 / All) team3: eat shit
(26:37 / All) HammerBoom: now red is tking me
(26:39 / All) HammerBoom: what a fag
(26:44 / All) team3: know why?
(26:47 / All) HammerBoom: idk
(26:47 / All) team3: because YOU ARE A FAGGOT
(26:53 / All) HammerBoom: but i would beat the shit out of him in real life
(26:55 / All) Towerdefence: crymore blue
(27:04 / All) team3: cry more cry more
(27:05 / All) team3: qq
(27:31 / All) HammerBoom: gg
(28:52 / Allies) Yossarian: k
(29:21 / All) GO-ASTROS-GO: purp use the bats moron god
(29:48 / Allies) GO-ASTROS-GO: come oj
(29:52 / Allies) Yossarian: wjere
(30:02 / Allies) Yossarian: k
(30:13 / All) Formaldehyde: I destroyed that base myself orange
(30:17 / All) Yossarian: cool
(30:20 / All) Yossarian: so did warden
(30:28 / All) Formaldehyde: Niggas get bored
(31:37 / All) GO-ASTROS-GO: pink was try hard
(32:01 / All) GO-ASTROS-GO: blue mh?
(32:31 / All) Formaldehyde: Green hang yourself
(32:33 / Allies) GO-ASTROS-GO: back
(32:45 / Allies) GO-ASTROS-GO: hit green
(32:46 / Allies) GO-ASTROS-GO: hit green
(33:45 / All) GO-ASTROS-GO: yellow is anoob!
(34:39 / All) GO-ASTROS-GO: gj whoever was controlling prup lawl
(35:32 / Allies) GO-ASTROS-GO: b
(35:32 / Allies) GO-ASTROS-GO: b
(35:54 / Allies) Yossarian: gold for hero res?
(36:06 / Allies) GO-ASTROS-GO: yea
(36:07 / Allies) GO-ASTROS-GO: how much
(36:10 / Allies) Yossarian: 400
(36:40 / Allies) GO-ASTROS-GO: omw
(37:23 / Allies) Yossarian: ty
(38:24 / Allies) Yossarian: come on man lets use pink to win
(38:28 / Allies) GO-ASTROS-GO: its yellow
(38:32 / Allies) Yossarian: oh...
(38:34 / Allies) Yossarian: ugh
(38:36 / Allies) GO-ASTROS-GO: he tked me earlier
(38:46 / Allies) Towerdefence: you are full of shit asshole
(38:52 / All) GO-ASTROS-GO: why is green only ghouls lol
(39:07 / All) Formaldehyde: Hes retarded
(39:12 / Allies) Towerdefence: tjos
(39:13 / All) Formaldehyde: I told him ages ago to get something else
(39:15 / All) Yossarian: gg love wasyting time with a TKer
(39:32 / All) Formaldehyde: Who team killed
(39:38 / All) Towerdefence: red
(39:42 / All) Formaldehyde: And how the fuck have we one lol
(39:45 / All) Yossarian: red
(39:47 / All) Formaldehyde: Must be noob
(39:58 / All) Formaldehyde: I killed my own base and had no units whole game
(40:02 / All) Formaldehyde: purple got fucked
(40:09 / All) Formaldehyde: Seriously howd we win
(40:33 / All) GO-ASTROS-GO: irrelevant
(41:05 / All) Towerdefence: he says I tked hiim earlier but this is my first game of the day he is so full of shit
(41:09 / All) Towerdefence: some loser troll
(41:14 / All) team3: cry more
(41:15 / All) team3: qq
(41:20 / All) GO-ASTROS-GO: it isnt even over
(41:30 / All) Towerdefence: tk if followed you should really qq
(41:35 / Allies) GO-ASTROS-GO: come oj lets kille xpo
(41:43 / Allies) Yossarian: k meet where
(42:10 / Allies) GO-ASTROS-GO: rejuv ur hero and my bm plz
(42:24 / Allies) Yossarian: go
(42:45 / Allies) GO-ASTROS-GO: rejuv plz
(43:04 / All) GO-ASTROS-GO: nub green
(43:06 / All) GO-ASTROS-GO: suck it hacker
(43:34 / Allies) GO-ASTROS-GO: gonna heal up real quick
(43:55 / All) GO-ASTROS-GO: yellow is the one full of shit,
(43:59 / All) GO-ASTROS-GO: he threatened to tk us earlier too
(45:08 / All) GO-ASTROS-GO: what a wierd game
(45:08 / All) team3: wow only 2 players left
(45:09 / All) GO-ASTROS-GO: lol
(45:16 / All) team3: there's always more who have left by this point
(47:07 / Allies) GO-ASTROS-GO: gonna
(47:11 / Allies) GO-ASTROS-GO: hoard at 80 food
(47:21 / Allies) Yossarian: can we win some time today
(47:24 / Allies) GO-ASTROS-GO: yea
(48:33 / Allies) GO-ASTROS-GO: goog
(49:04 / Allies) Yossarian: where army man?
(50:57 / Allies) Yossarian: dont gorget those
(51:03 / Allies) GO-ASTROS-GO: thx
(51:22 / All) GO-ASTROS-GO: green u hacker
(51:30 / All) team3: Green definitely is a hacker
(52:14 / All) GO-ASTROS-GO: teal is sitll here wtf?
(52:23 / All) Formaldehyde: Yip
(52:29 / All) Formaldehyde: I still got a hero
(52:39 / All) GO-ASTROS-GO: nub lawl
(52:57 / All) GO-ASTROS-GO: hacker down green
(52:57 / All) Formaldehyde: This is 10x longer then any fucking game ive played
(53:02 / All) GO-ASTROS-GO: lawl
(53:06 / All) GO-ASTROS-GO: so obvious green is mh
(53:10 / All) Formaldehyde: We could have won but I got bored at the start with units
(53:12 / All) lamebizkit: blue is so bad wtf
(53:19 / All) GO-ASTROS-GO: blue is ur best player nub
(53:26 / All) team3: lmao
(53:47 / Allies) Yossarian: ty
(53:48 / All) lamebizkit: gets one of each unit like its pokemon
(53:56 / All) GO-ASTROS-GO: lawl
(54:00 / All) GO-ASTROS-GO: u guys
(54:03 / All) GO-ASTROS-GO: should ahve seen yellow
(54:06 / All) GO-ASTROS-GO: he tried to tk us earlier
(54:09 / All) lamebizkit: 4kgold, 1 barracks
(54:09 / All) GO-ASTROS-GO: no idea what about
(54:15 / All) Formaldehyde: Yellows still here
(54:15 / All) GO-ASTROS-GO: im 100% sure yellow isnt afk
(55:15 / All) Yossarian: wow nice maphack
(55:15 / All) GO-ASTROS-GO: teal wheres ur pitlord
(55:22 / All) team3: thanks oj
(55:27 / All) Formaldehyde: Why?
(55:30 / All) GO-ASTROS-GO: come here mr pitlord
(56:03 / Allies) Yossarian: red come on
(56:04 / Allies) Yossarian: lets win
(56:11 / Allies) GO-ASTROS-GO: sorry was trying to kill his pitlord
(56:43 / Allies) GO-ASTROS-GO: b
(57:00 / Allies) GO-ASTROS-GO: let it die
(57:26 / All) team3: how the hell did that am die
(57:27 / All) team3: it was invis
(57:29 / All) GO-ASTROS-GO: ghouls
(57:31 / All) GO-ASTROS-GO: it was green lawl
(57:35 / All) team3: Faggot green
(57:37 / All) lamebizkit: lol see this team?
(57:37 / All) GO-ASTROS-GO: i was trying to snipe ghouls
(57:39 / All) lamebizkit: SO BAD
(57:53 / All) GO-ASTROS-GO: i got 2 of teals aboms and like 3 ghouls with one hero
(57:53 / All) lamebizkit: "HOW I DIE I WAS INVIS" LOLOLOL
(58:35 / All) team3: Give me mass tp oj
(58:37 / All) GO-ASTROS-GO: he killur workers
(58:42 / Allies) Yossarian: if you just wanna play one hero just play custom maps
(58:44 / Allies) Yossarian: lets win...
(58:48 / All) GO-ASTROS-GO: got pitlord
(58:49 / All) GO-ASTROS-GO: too
(58:51 / All) Formaldehyde: Oh you legend
(58:55 / All) Formaldehyde: wtf
(58:57 / All) Formaldehyde: LOL
(59:10 / All) Formaldehyde: Why red
(59:24 / All) GO-ASTROS-GO: nothing personal teal
(59:30 / All) Formaldehyde: howd you know
(59:34 / All) GO-ASTROS-GO: guessed
(59:39 / All) GO-ASTROS-GO: saw greens workers attacking blue
(59:44 / All) Formaldehyde: Fuck should habe gone to my ziggurat
(60:24 / Allies) GO-ASTROS-GO: thanks
(60:28 / All) GO-ASTROS-GO: im glad yellow has no units
(60:30 / All) GO-ASTROS-GO: he was anub
(60:51 / All) team3: bad luck for you
(61:56 / Allies) Yossarian: finish him
(63:05 / All) team3: lol
(63:07 / All) team3: leave
(63:09 / All) Yossarian: thanks red
(64:46 / All) GO-ASTROS-GO: back, what did i miss blue?
(64:59 / All) team3: I raped ojs whole army
(65:02 / All) team3: and he thanked you for it
(65:31 / All) GO-ASTROS-GO: he still has wisps so hes not dead
(67:45 / All) team3: TRY THAT AGAIN IN MY FACE FUCKER SEE WHAT HAPPENS!?!?!!!
(67:58 / All) GO-ASTROS-GO: my ping > ur ping
(68:21 / All) GO-ASTROS-GO: fooled ya!
(69:58 / All) team3: try that again with ur bm
(70:13 / All) team3: again
(70:14 / All) GO-ASTROS-GO: all skill
(70:17 / All) GO-ASTROS-GO: gay
(70:22 / All) team3: lol
(70:26 / All) team3: I brought copters
(70:44 / All) GO-ASTROS-GO: i bet u yellow never left